 Dungeon Crawl Stone Soup version 0.15.0-23-gc2b521c (console) character file.

139 gw the Twirler (level 5, 0/46 HPs)
             Began as a Minotaur Gladiator on Sept 9, 2014.
             Slain by an ogre
             ... wielding a +0 giant club
              (18 damage)
             ... on Level 4 of the Dungeon.
             The game lasted 00:01:51 (3012 turns).

gw the Twirler (Minotaur Gladiator)                 Turns: 3012, Time: 00:01:51

HP   0/46        AC  5     Str 20      XL: 5   Next:  1%
MP   2/2         EV 10     Int  5      God:
Gold 0           SH  0     Dex 11      Spells:  0 memorised,  4 levels left

rFire  . . .     SeeInvis .     a - +1 quarterstaff
rCold  . . .     Clarity  +     j - +0 ring mail
rNeg   . . .     rCorr    .     (no shield)
rPois  .         rRot     .     c - +0 hat
rElec  .         Spirit   .     (no cloak)
SustAb .         Warding  .     (no gloves)
rMut   .         Stasis   .     (no boots)
Gourm  .                        i - amulet of clarity
MR     .....                    (no ring)
                                (no ring)

@: not resistant to hostile enchantments, very unstealthy
A: retaliatory headbutt, horns 2
a: no special abilities


You were on level 4 of the Dungeon.
You were not hungry.

You visited 1 branch of the dungeon, and saw 4 of its levels.

Inventory:

Hand weapons
 a - a +1 quarterstaff (weapon)
Missiles
 d - 3 throwing nets
 l - 14 stones (quivered)
Armour
 c - a +0 hat (worn)
 j - a +0 ring mail (worn)
Comestibles
 f - 3 bread rations
 g - a beef jerky
 h - 4 fruits
Scrolls
 b - 2 scrolls of immolation
Jewellery
 i - an amulet of clarity (around neck)


   Skills:
 + Level 3.7 Fighting
 * Level 5.0 Staves
 + Level 2.9 Throwing
 + Level 2.4 Armour
 - Level 3.2 Dodging


You had 4 spell levels left.
You didn't know any spells.

Dungeon Overview and Level Annotations

Branches:
Dungeon (4/15)
 Temple: D:4-7

Altars:
Nemelex Xobeh

Shops:
D:4 %


Innate Abilities, Weirdness & Mutations

You reflexively headbutt those who attack you in melee.
You have a pair of horns on your head.


Message History

MOVING TO (0,-1) FLEEEEING!
ATTACKING (0,1)
You barely miss the ogre. The ogre completely misses you.
FLEEEEING!
ATTACKING (0,1)
You barely miss the ogre. The ogre hits you with a giant club.
FLEEEEING!
ATTACKING (0,1)
You barely miss the ogre. The ogre closely misses you.
FLEEEEING!
ATTACKING (0,1)
You sock the ogre!
The ogre is moderately wounded.
FLEEEEING!
ATTACKING (0,1)
You hit the ogre.
The ogre is heavily wounded.
The ogre hits you with a giant club!!
You die...

# ..# #. \.. #.### #.#
#..H# #.# ###O# #.#
#l# #.## #.# #..##
##.##
....###########...####
.....>...............+
....###########...####
#..## ##...#


You could see an ogre and a giant newt.

Table legend:
 A = Turns spent in this place as a percentage of turns spent in the entire game.
 B = Non-inter-level travel turns spent in this place as a percentage of non-inter-level travel turns spent in the entire game.
 C = Inter-level travel turns spent in this place as a percentage of turns spent in this place.
 D = Turns resting spent in this place as a percentage of non-inter-level travel turns spent in this place.
 E = Turns spent auto-exploring this place as a percentage of non-inter-level travel turns spent in this place.
 F = Non-inter-level travel turns spent in this place divided by the number of levels of this place that you've seen.
                   A       B       C       D       E      F
               +-------+-------+-------+-------+-------+----------------------
         Total | 100.0 | 100.0 |   1.6 |   4.2 |  11.5 | 262.5
       Dungeon | 100.0 | 100.0 |   1.6 |   4.2 |  11.5 | 262.5
               +-------+-------+-------+-------+-------+----------------------

Table legend:
 A = Kills in this place as a percentage of kills in entire the game.
 B = Kills by you in this place as a percentage of kills by you in the entire game.
 C = Kills by friends in this place as a percentage of kills by friends in the entire game.
 D = Other kills in this place as a percentage of other kills in the entire game.
 E = Experience gained in this place as a percentage of experience gained in the entire game.
 F = Experience gained in this place divided by the number of levels of this place that you have seen.
                   A       B       C       D       E      F
               +-------+-------+-------+-------+-------+----------------------
         Total | 100.0 | 100.0 |  -nan |  -nan | 100.0 |  49.8
       Dungeon | 100.0 | 100.0 |  -nan |  -nan | 100.0 |  49.8
               +-------+-------+-------+-------+-------+----------------------

Vanquished Creatures
  The ghost of gw the Twirler, a weakling MiGl (D:3)
  2 adders
  2 worms (D:2)
  3 giant geckos
  2 oozes
  4 giant cockroaches
  5 goblins
  7 hobgoblins
  4 jackals (D:1)
  10 kobolds
  2 quokkas
  7 bats
  A giant newt (D:2)
  7 rats
57 creatures vanquished.

Notes
Turn   | Place    | Note
--------------------------------------------------------------
     0 | D:1      | gw, the Minotaur Gladiator, began the quest for the Orb.
     0 | D:1      | Reached XP level 1. HP: 18/18 MP: 1/1
    68 | D:1      | Reached skill level 1 in Armour
   312 | D:1      | Reached XP level 2. HP: 25/25 MP: 1/1
   794 | D:1      | Reached skill level 4 in Staves
  1110 | D:2      | Reached XP level 3. HP: 30/30 MP: 2/2
  1933 | D:2      | Reached XP level 4. HP: 38/38 MP: 2/2
  2136 | D:2      | Found a sparkling altar of Nemelex Xobeh.
  2684 | D:3      | Noticed gw's ghost (weakling MiGl)
  2691 | D:3      | Killed gw's ghost
  2830 | D:3      | Reached XP level 5. HP: 46/46 MP: 2/2
  2867 | D:3      | Reached skill level 5 in Staves
  2966 | D:4      | Noticed an ogre
  2985 | D:4      | Found Cuethrun's Food Shoppe.
  3012 | D:4      | Slain by an ogre

Action                   |  1- 3 |  4- 6 || total
-------------------------+-------+-------++-------
Melee: Quarterstaff      |    78 |    40 ||   118
Throw: Javelin           |    20 |     4 ||    24
       Stone             |    47 |    36 ||    83
  Use: Scroll            |     4 |     4 ||     8
       Potion            |       |     4 ||     4
  Eat: Chunk             |     3 |     4 ||     7

Vault maps used:
D:1:      lightli_arrival_flooded_house
D:2:      first_bread, nemelex_lonely_heart_becter
D:4:      serial_shops, shop, shop_statue
